 Dungeon Crawl Stone Soup version 0.20.0-7-g3b7b877 (webtiles) character file.

577936 Rrauwl the Merry Centaur (level 25, -6/264 HPs)
             Began as a Centaur Hunter on May 28, 2017.
             Was the Champion of Dithmenos.
             Mangled by a quicksilver dragon (11 damage)
             ... on level 4 of the Realm of Zot.
             The game lasted 05:58:00 (55604 turns).

Rrauwl the Merry Centaur (Centaur Hunter)          Turns: 55604, Time: 05:58:00

Health: -6/264     AC: 40    Str: 16    XL:     25   Next: 84%
Magic:  11/30      EV: 17    Int: 15    God:    Dithmenos [******]
Gold:   4335       SH:  0    Dex: 32    Spells: 24/34 levels left

rFire    + + .     SeeInvis +   b - +9 longbow (velocity)
rCold    + + .     Gourm    .   (shield currently unavailable)
rNeg     . . .     Faith    .   d - +6 ice dragon scales
rPois    +         Spirit   .   E - +2 helmet
rElec    +         Reflect  .   B - +2 cloak {+Inv}
rCorr    +         Harm     .   J - +2 pair of gloves
MR       +++..                  U - +5 centaur barding of Rebok {rF+ Regen+ Dex+6}
Stlth    +.........             H - amulet "Kisasty" {rPois rF++ MR+ Regen+ Dex+4}
Regen    1.4/turn               Q - ring "Ryanam" {Int+3 Dex+5 Slay+3 SInv}
MPRegen  0.3/turn               P - ring of Vynkemyi {rCorr rElec MR+ Str-4}

@: wreathed by umbra, very quick
A: hooves 3, blink, clever 1, deformed body, deterioration 1, speed 2, low mp 1,
robust 1, screaming 1, tough skin 3
0: Orb of Zot
}: 3/15 runes: decaying, silver, gossamer
a: Blink, Shadow Step, Shadow Form, Renounce Religion, Evoke Invisibility


You were on level 4 of the Realm of Zot.
You worshipped Dithmenos.
Dithmenos was exalted by your worship.
You were not hungry.

You visited 12 branches of the dungeon, and saw 52 of its levels.
You also visited: Trove.

You collected 6279 gold pieces.
You spent 1944 gold pieces at shops.

Inventory:

Hand Weapons
 a - a +7 scimitar of electrocution
 b - a +9 longbow of velocity (weapon)
Missiles
 l - 224 arrows (quivered)
Armour
 d - +6 ice dragon scales (worn)
 B - a +2 cloak of invisibility (worn)
 E - a +2 helmet (worn)
 J - a +2 pair of gloves (worn)
 U - the +5 centaur barding of Rebok (worn) {rF+ Regen+ Dex+6}
   (You acquired it on level 3 of the Vaults)

   It affects your dexterity (+6).
   It protects you from fire.
   It increases your rate of regeneration.
Jewellery
 H - the amulet "Kisasty" (around neck) {rPois rF++ MR+ Regen+ Dex+4}
   (You took it off a vampire on level 8 of the Dungeon)

   [amulet of regeneration]

   It affects your dexterity (+4).
   It greatly protects you from fire.
   It protects you from poison.
   It affects your resistance to hostile enchantments.
   It increases your rate of regeneration.
 P - the ring of Vynkemyi (right hand) {rCorr rElec MR+ Str-4}
   (You bought it in a shop on level 12 of the Dungeon)

   [ring of resist corrosion]

   It affects your strength (-4).
   It insulates you from electricity.
   It affects your resistance to hostile enchantments.
 Q - the ring "Ryanam" (left hand) {Int+3 Dex+5 Slay+3 SInv}
   (You found it in a treasure trove)

   [ring of dexterity]

   It affects your intelligence (+3).
   It affects your dexterity (+5).
   It affects your accuracy and damage with ranged weapons and melee attacks
   (+3).
   It lets you see invisible.
 V - an uncursed ring of flight
Wands
 i - a wand of scattershot (8/9)
 t - a wand of acid (9/15)
 y - a wand of digging (13/24)
 A - a wand of acid (13/15)
 D - a wand of iceblast (15/15)
 K - a wand of confusion (13/48)
 R - a wand of acid (9/15)
 S - a wand of lightning (10/15)
 X - a wand of iceblast (13/15)
 Y - a wand of paralysis (15/24)
Scrolls
 e - 7 scrolls of fog
 g - 7 scrolls of fear
 h - 6 scrolls of blinking
 j - 23 scrolls of identify
 m - 3 scrolls of recharging
 o - 14 scrolls of remove curse
 p - 3 scrolls of holy word
 C - 13 scrolls of teleportation
 I - 7 scrolls of magic mapping
 M - a scroll of silence
Potions
 c - 3 potions of haste
 f - 4 potions of magic
 k - 9 potions of might
 r - 5 potions of ambrosia
 u - 10 potions of mutation
 w - 2 potions of agility
 z - 9 potions of flight
 F - 2 potions of cancellation
 G - 2 potions of resistance
 L - a potion of heal wounds
 N - 10 potions of curing
 O - 3 potions of brilliance
Miscellaneous
 n - a lightning rod (4/4)
 q - 2 sacks of spiders
 W - a fan of gales
Comestibles
 s - 13 meat rations
 v - 29 bread rations
 x - a chunk of flesh


   Skills:
 + Level 22.6 Fighting
 O Level 27 Bows
 - Level 12.0 Armour
 - Level 13.0 Dodging
 - Level 4.0 Stealth
 - Level 5.0 Spellcasting
 - Level 9.0 Charms
 - Level 7.0 Summonings
 - Level 7.0 Necromancy
 - Level 10.0 Translocations
 - Level 15.0 Invocations
 - Level 10.0 Evocations


You had 24 spell levels left.
You knew the following spells:

 Your Spells              Type           Power        Failure   Level  Hunger
a - Blink                 Tloc           N/A          1%          2    ##.....
b - Summon Butterflies    Summ           ###.....     3%          1    None
c - Apportation           Tloc           ####..       1%          1    None
d - Regeneration          Chrm/Necr      ####......   6%          3    ###....
e - Teleport Other        Tloc           ####....     2%          3    ###....


Dungeon Overview and Level Annotations

Branches:
Dungeon (15/15)            Temple (1/1) D:4            Lair (6/6) D:9
  Swamp (4/4) Lair:3       Spider (4/4) Lair:2        Slime (0/5) Lair:6
    Orc (2/2) D:9             Elf (3/3) Orc:2        Vaults (5/5) D:14
  Crypt (1/3) Vaults:2     Depths (5/5) D:15           Hell (1/1)
    Zot (5/5) Depths:5
    Dis: Hell:1         Geh: Hell:1         Coc: Hell:1         Tar: Hell:1

Altars:
Ashenzari
Cheibriados
Dithmenos
Elyvilon
Fedhas
Gozag
Hepliaklqana
Kikubaaqudgha
Makhleb
Nemelex Xobeh
Okawaru
Qazlal
Ru
Sif Muna
Trog
Uskayaw
Vehumet
Xom
Yredelemnul
Zin
The Shining One
Beogh

Shops:
D:6 [   D:7 :   D:12 =   Orc:2 (*([*   Elf:1 }   Elf:2 =   Depths:1 }

Portals:
Hell: Depths:1 Depths:2 Depths:3 Depths:4 Depths:5
Abyss: Depths:3 Depths:4
Pandemonium: Depths:3
Ziggurat: Depths:1

Annotations:
Depths:4 1 runed door
Zot:4 Tiamat


Innate Abilities, Weirdness & Mutations

You have hooves in place of feet.
Armour fits poorly on your strangely shaped body.
You cover ground very quickly.
You have extremely tough skin. (AC +3)
You can translocate small distances at will.
Your mind is acute. (Int +2)
Your body sometimes deteriorates upon taking damage.
Your magical capacity is low. (-10% MP)
You are robust. (+10% HP)
You occasionally shout uncontrollably at your foes.


Message History

The frost giant is empowered by the deep elf high priest's aura!
The white draconian shifter is empowered by the deep elf high priest's aura!
The moth of wrath goads the white draconian on!
The white draconian goes berserk!
The quicksilver dragon bites you.
* * * LOW HITPOINT WARNING * * *
The quicksilver dragon claws you but does no damage.
The ghost moth stares at you.
You feel your power leaking away. The white draconian barely misses you.
The white draconian shifter misses you. The white draconian misses you.
The deep elf high priest calls down the wrath of its god upon you.
Something smites you!
* * * LOW HITPOINT WARNING * * *
The black draconian monk hits you!!
* * * LOW HITPOINT WARNING * * *
The black draconian monk kicks you but does no damage.
The black draconian monk tail-slaps you but does no damage.
The quicksilver dragon bites you but does no damage.
The quicksilver dragon claws you!
You die...

. ###'#+## ...# .#.#
.$)..$. #.#.. ...#
..#.. #....
#..^##.#.##...#
#...#...#...# #.
#.........# . .
(#..##.#dd.#.##..# #.
)'.$dCddqq....../+ #.
L##XD@DXy>..##.# #.
!'!yLDe*zd.....$[ #.
?#$.##.#d>D#(##.$# ##.
#. #..§..y.((##.# ##§.
#...#...#d.(### ##...
#...##.#.##.[(####..#.
...# ..#..##(.())..##.
.#.#
..$.)..##.#()###.# .
##' '## #(..##...#


You could see Tiamat (berserk), an orb of fire, 2 tentacled monstrosities, a
black draconian monk (berserk), a storm dragon, a frost giant, 2 draconians, a
yellow draconian, a green draconian, a red draconian, 2 draconians, a white
draconian shifter, a death cob, an ice dragon, 2 quicksilver dragons, a lich, a
ghost moth (invisible), 2 moths of wrath and a deep elf high priest.

Vanquished Creatures
  3 orbs of fire (Zot:5)
  4 juggernauts
  5 Killer Klowns (Zot:5)
  Xtahua (Depths:3)
  2 curse toes
  Geryon (Hell)
  6 golden dragons
  Nikola (Spider:4)
  3 bone dragons
  An electric golem (Zot:5)
  6 liches
  Jorgrun (Elf:2)
  4 tentacled monstrosities
  22 Orb Guardians (Zot:5)
  5 quicksilver dragons
  Asterion (Spider:4)
  A titan (Vaults:5)
  Agnes (Spider:2)
  A shadow dragon (shapeshifter) (Vaults:5)
  Frances (Swamp:2)
  4 sphinxes
  7 death cobs
  2 draconian monks
  The ghost of Kloppie the Tortoise, an adept MiFi of Okawaru (Elf:2)
  6 tengu reavers
  Kirke (Swamp:3)
  4 storm dragons
  6 shadow dragons
  7 fire giants
  Roxanne (Spider:4)
  3 deep elf sorcerers
  7 ghost moths
  14 frost giants
  A draconian knight (Zot:5)
  A balrug (Depths:1)
  10 vault wardens
  An iron dragon (Depths:4)
  A draconian scorcher (Zot:5)
  3 emperor scorpions (Spider:4)
  Louise (Swamp:2)
  An orc warlord (Orc:2)
  A caustic shrike zombie (Depths:4)
  A draconian stormcaller (Zot:4)
  3 war gargoyles (Vaults:5)
  A draconian annihilator (Depths:5)
  2 reapers (Hell)
  28 stone giants
  15 very ugly things
  13 ironheart preservers
  Azrael (Orc:2)
  6 vampire knights
  A purple draconian (Depths:5)
  10 entropy weavers
  7 red draconians
  A deep elf demonologist (Vaults:5)
  10 spark wasps
  A deep elf annihilator (Vaults:5)
  8 green draconians
  A yellow draconian (Depths:5)
  2 white draconians
  A merfolk impaler (Depths:4)
  A jiangshi (Vaults:2)
  14 ettins
  20 fire dragons
  4 great orbs of eyes
  6 deep elf high priests
  5 deep elf death magi
  11 yaktaur captains
  4 rakshasas
  4 ice dragons
  10 hydras
  29 vault guards
  A merfolk avatar (Depths:4)
  3 spriggan air magi
  4 ghost crabs
  4 catoblepae
  37 two-headed ogres
  4 alligators
  31 dancing weapons
  10 tengu warriors
  9 centaur warriors
  9 deep troll shamans
  2 death knights (Vaults:4)
  13 ogre magi
  A titan zombie (Vaults:3)
  8 death yaks (Lair:6)
  2 orc high priests
  14 deep elf knights
  3 vampire magi
  9 deep troll earth magi
  Sonja (Lair:2)
  5 sun demons
  4 spriggan berserkers
  3 soul eaters
  2 fire crabs
  5 hell knights
  3 shadow wraiths
  19 skeletal warriors
  A fire crab (shapeshifter) (Elf:2)
  A shadow demon (Depths:3)
  A quicksilver dragon simulacrum (Depths:4)
  A deep troll (shapeshifter) (Vaults:5)
  2 iron trolls (Depths:3)
  4 unseen horrors
  2 spark wasp zombies (Depths:4)
  2 spectral hydras (Swamp:4)
  30 deep trolls
  19 deep elf archers
  4 swamp dragons
  2 flayed ghosts
  3 large abominations (Vaults:5)
  A tengu zombie (Vaults:5)
  6 glowing orange brains
  A lindwurm (Elf:2)
  An obsidian statue (Depths:3)
  4 shambling mangroves
  2 wizards
  2 phantasmal warriors
  20 ironbrand convokers
  4 oklob plants
  20 orc knights
  21 orb spiders
  27 wolf spiders
  10 harpies
  29 ugly things
  A sphinx zombie (Vaults:5)
  A wolf spider (shapeshifter) (Depths:2)
  An orb spider (shapeshifter) (Depths:1)
  2 salamanders (shapeshifter) (Vaults:4)
  7 orc sorcerers
  8 necromancers
  43 deep elf magi
  6 cyclopes
  6 elephants (Lair:4)
  2 manticores
  A stone giant zombie (Depths:1)
  4 centaur zombies
  11 moths of wrath
  A black mamba (shapeshifter) (Vaults:1)
  8 black mambas
  3 torpor snails
  A guardian serpent (shapeshifter) (Vaults:1)
  A smoke demon (Depths:1)
  5 molten gargoyles
  An orange demon (Depths:3)
  4 spectral swamp worms (Depths:5)
  A torpor snail (shapeshifter) (D:14)
  15 vault sentinels
  21 spiny frogs
  2 gargoyles
  6 rime drakes
  37 yaktaurs
  3 freezing wraiths
  3 kobold demonologists
  10 komodo dragons
  A yaktaur skeleton (Vaults:1)
  2 ice devils
  6 red devils
  3 swamp worm zombies (Swamp:4)
  8 demonic crawlers
  12 trolls
  A merfolk (shapeshifter) (Vaults:1)
  2 polar bears (Lair:3)
  A harpy zombie (D:15)
  A tengu conjurer (D:14)
  A queen bee (Lair:1)
  A hydra zombie (Swamp:4)
  6 tyrant leeches (Swamp:1)
  A tengu simulacrum (Vaults:1)
  A slime creature (shapeshifter) (Depths:1)
  39 slime creatures
  21 hornets
  A wolf spider simulacrum (D:15)
  A harpy skeleton (D:15)
  33 jumping spiders
  7 blink frogs
  2 alligator zombies (Swamp:4)
  5 bog bodies
  A raiju (shapeshifter) (Vaults:3)
  A spectral swamp dragon (Swamp:4)
  A dream sheep (Lair:4)
  7 hippogriffs
  A spriggan zombie (Depths:1)
  A stone giant simulacrum (Vaults:1)
  A meliai zombie (D:12)
  7 air elementals
  3 fire giant simulacra
  22 tarantellas
  2 centaur simulacra (D:15)
  76 redbacks
  3 spriggans
  A shadow (D:14)
  2 ettin skeletons
  4 wyverns
  3 ice dragon skeletons
  5 wraiths
  A vampire (D:8)
  7 water elementals
  31 yaks
  Grum (D:8)
  A hog (Swamp:3)
  9 basilisks
  A yak (shapeshifter) (Vaults:5)
  9 fire elementals
  A steam dragon (D:10)
  31 vampire mosquitoes
  A hungry ghost (D:11)
  7 wargs
  Menkaure (D:7)
  A soldier ant (D:8)
  15 insubstantial wisps
  Edmund (D:5)
  7 hell hounds
  12 swamp worms
  2 acid dragons
  5 porcupines
  10 water moccasins
  6 ice beasts
  2 sky beasts
  5 swamp dragon zombies (Swamp:4)
  2 swamp drakes
  42 orc warriors
  An eye of draining (shapeshifter) (Vaults:4)
  A black bear (D:9)
  2 necrophages
  8 phantoms
  26 centaurs
  5 boggarts
  A wolf (shapeshifter) (Vaults:4)
  18 wolves
  45 ogres
  A tengu (shapeshifter) (Vaults:5)
  11 crocodiles
  5 big kobolds
  16 bullfrogs
  A glowing shapeshifter simulacrum (Depths:4)
  2 wyvern zombies
  A human skeleton (Vaults:1)
  2 wyvern skeletons (D:14)
  6 scorpions
  4 human simulacra
  26 killer bees
  13 wights
  2 bullfrog zombies
  An electric eel (Lair:3)
  7 lava snakes
  12 crimson imps
  6 hounds
  2 jellies
  27 orc priests
  2 bullfrog skeletons (D:10)
  An iron imp (Depths:3)
  Crazy Yiuf (D:4)
  6 centaur skeletons
  25 orc wizards
  10 worker ants
  7 hell rats (Lair:5)
  4 iguanas
  A spectral swamp drake (Swamp:4)
  2 worker ant zombies (D:8)
  Robin (D:3)
  3 gnolls (D:3)
  4 swamp drake zombies (Swamp:4)
  15 adders
  12 shadow imps
  4 white imps
  2 oozes (D:2)
  2 adder skeletons
  4 worms
  A dart slug (D:1)
  3 leopard geckos
  142 orcs
  5 giant cockroaches
  13 goblins
  5 hobgoblins
  6 jackals (D:1)
  5 quokkas
  6 bats
  2 frilled lizards (D:4)
  A jackal skeleton (D:5)
  A kobold (shapeshifter) (Vaults:5)
  21 kobolds
  A leopard gecko skeleton (D:8)
  A quokka skeleton (D:5)
  A quokka zombie (D:6)
  5 rats
  A crawling corpse (Vaults:5)
  2 fungi
  2 plants (Depths:1)
  A withered plant (D:12)
2105 creatures vanquished.

Vanquished Creatures (others)
  A dancing weapon (Elf:2)
  A deep elf knight (Elf:1)
  A moth of wrath (Zot:5)
  A smoke demon (Zot:5)
  2 humans (Swamp:3)
  5 insubstantial wisps (Swamp:4)
  An ogre (Vaults:5)
  3 bushes (Lair:6)
  28 fungi
  34 plants
  15 toadstools (Lair:4)
  A withered plant (D:12)
93 creatures vanquished.

Grand Total: 2198 creatures vanquished

Notes
Turn   | Place    | Note
-------+----------+-------------------------------------------
     0 | D:1      | Rrauwl the Centaur Hunter began the quest for the Orb.
     0 | D:1      | Reached XP level 1. HP: 17/17 MP: 1/1
   109 | D:1      | Reached XP level 2. HP: 24/24 MP: 2/2
   112 | D:1      | Reached skill level 6 in Bows
   465 | D:2      | Reached XP level 3. HP: 25/29 MP: 3/3
   658 | D:2      | Reached skill level 7 in Bows
  1005 | D:3      | Noticed Robin
  1010 | D:3      | Killed Robin
  1010 | D:3      | Reached XP level 4. HP: 36/36 MP: 4/4
  1278 | D:3      | Reached skill level 8 in Bows
  1299 | D:3      | Reached XP level 5. HP: 14/41 MP: 5/5
  1626 | D:3      | Found a sacrificial altar of Ru.
  1671 | D:3      | Reached skill level 9 in Bows
  1729 | D:3      | Gained mutation: You are robust. (+10% HP) [potion of mutation]
  1729 | D:3      | Gained mutation: You evolve. [potion of mutation]
  2044 | D:4      | Noticed a centaur
  2049 | D:4      | Killed a centaur
  2049 | D:4      | Reached XP level 6. HP: 34/52 MP: 6/6
  2106 | D:4      | Noticed an ice beast
  2134 | D:4      | Killed an ice beast
  2134 | D:4      | Reached skill level 10 in Bows
  2185 | D:4      | Gained mutation: You can translocate small distances at will. [evolution]
  2226 | D:4      | Found a staircase to the Ecumenical Temple.
  2254 | D:4      | Got a smelly leather armour
  2265 | D:4      | Identified the +3 leather armour of Mirth {rC+ rCorr Int+3 Stlth+} (You found it on level 4 of the Dungeon)
  2285 | Temple   | Entered the Ecumenical Temple
  2397 | Temple   | Became a worshipper of Dithmenos the Shadowed
  2500 | D:4      | Reached XP level 7. HP: 56/60 MP: 7/7
  2538 | D:4      | Reached skill level 11 in Bows
  2743 | D:4      | Found a runed door.
  2747 | D:4      | Noticed Crazy Yiuf
  2752 | D:4      | Killed Crazy Yiuf
  2828 | D:5      | Entered Level 5 of the Dungeon
  2972 | D:5      | Noticed Edmund
  3045 | D:5      | Killed Edmund
  3045 | D:5      | Reached skill level 12 in Bows
  3355 | D:5      | Got a bound copper amulet
  3356 | D:5      | Identified the amulet of Ebralism {Harm *Drain +Inv rPois Dex+3} (You found it on level 5 of the Dungeon)
  3424 | D:5      | Reached skill level 1 in Invocations
  3560 | D:5      | Found a stormy altar of Qazlal.
  3780 | D:6      | Reached XP level 8. HP: 59/67 MP: 9/9
  4250 | D:6      | Found Mipaagec's Antique Armour Shoppe.
  4253 | D:6      | Bought a pair of twisted gloves for 171 gold pieces
  4253 | D:6      | Bought a glowing helmet for 135 gold pieces
  4258 | D:6      | Identified the cursed -5 pair of gloves "Uddawn" {rN+ Stlth+} (You bought it in a shop on level 6 of the Dungeon)
  4298 | D:6      | Reached * piety under Dithmenos
  4469 | D:7      | Noticed a hippogriff
  4524 | D:6      | Killed a hippogriff
  4524 | D:6      | Reached skill level 13 in Bows
  4622 | D:7      | Reached skill level 5 in Invocations
  4662 | D:7      | Found Degeolie's Book Boutique.
  4676 | D:7      | Reached skill level 1 in Evocations
  4867 | D:7      | Found a white marble altar of Elyvilon.
  5104 | D:7      | Reached XP level 9. HP: 70/73 MP: 12/12
  5151 | D:7      | Noticed Menkaure
  5154 | D:7      | Killed Menkaure
  5166 | D:7      | Found a sparkling altar of Nemelex Xobeh.
  5237 | D:8      | Noticed Grum
  5273 | D:8      | Reached skill level 14 in Bows
  5274 | D:8      | Reached skill level 1 in Armour
  5275 | D:8      | Killed Grum
  5275 | D:8      | Reached ** piety under Dithmenos
  5582 | D:8      | Found a bloodstained altar of Trog.
  5591 | D:8      | Found a deep blue altar of Sif Muna.
  5593 | D:8      | Found a hide-covered altar of Uskayaw.
  5634 | D:8      | Got a scorched bronze amulet
  5635 | D:8      | Identified the amulet "Kisasty" {rPois rF++ MR+ Regen+ Dex+4} (You took it off a vampire on level 8 of the Dungeon)
  6098 | D:8      | Reached skill level 15 in Bows
  6179 | D:8      | Got a smoking ivory ring
  6407 | D:8      | Reached XP level 10. HP: 84/84 MP: 13/13
  6500 | D:8      | Identified the ring "Xirgh" {rF+ rC+ Str+3 Int+2 Dex+2} (You took it off a kobold on level 8 of the Dungeon)
  6678 | D:8      | Reached *** piety under Dithmenos
  6972 | D:9      | Found a staircase to the Orcish Mines.
  7023 | D:9      | Found a staircase to the Lair.
  7223 | D:9      | Found a shimmering altar of Xom.
  7471 | Lair:1   | Entered Level 1 of the Lair of Beasts
  7631 | Lair:1   | Noticed a spiny frog
  7649 | Lair:1   | Killed a spiny frog
  7649 | Lair:1   | Reached skill level 5 in Fighting
  7787 | Lair:1   | Noticed a black mamba
  7913 | Lair:1   | Killed a black mamba
  7913 | Lair:1   | Reached skill level 16 in Bows
  8567 | Lair:1   | Reached **** piety under Dithmenos
  8892 | Lair:2   | Found a hole to the Spider Nest.
  8892 | Lair:2   | Noticed an orb spider
  8904 | Lair:2   | Killed an orb spider
  8904 | Lair:2   | Reached XP level 11. HP: 104/104 MP: 14/14
  9548 | Lair:2   | Noticed Sonja
  9559 | Lair:2   | Killed Sonja
 10132 | Lair:3   | Reached skill level 10 in Fighting
 10220 | Lair:3   | Found a staircase to the Swamp.
 10851 | Lair:3   | Reached ***** piety under Dithmenos
 11054 | Lair:3   | Found a basalt altar of Yredelemnul.
 11516 | Lair:4   | Reached XP level 12. HP: 124/124 MP: 15/15
 12224 | Lair:4   | Found a runed door.
 12497 | Lair:4   | Noticed a catoblepas
 12497 | Lair:4   | Noticed a catoblepas
 12589 | Lair:4   | Killed a catoblepas
 12589 | Lair:4   | Reached skill level 5 in Armour
 12656 | Lair:4   | Killed a catoblepas
 13159 | Lair:5   | Gained mutation: Your mind is acute. (Int +2) [evolution]
 13875 | Lair:6   | Entered Level 6 of the Lair of Beasts
 13932 | Lair:6   | Noticed a seven-headed hydra
 13948 | Lair:6   | Killed a seven-headed hydra
 14124 | Lair:6   | Reached XP level 13. HP: 134/134 MP: 16/16
 14159 | Lair:6   | Reached skill level 5 in Dodging
 14202 | Lair:6   | Noticed a fire dragon
 14204 | Lair:6   | Found a large runed door.
 14204 | Lair:6   | Found a large runed door.
 14365 | Lair:6   | Reached ****** piety under Dithmenos
 15490 | Lair:6   | Reached skill level 10 in Invocations
 15856 | Lair:6   | Found a staircase to the Slime Pits.
 15860 | Lair:6   | Reached skill level 5 in Evocations
 16154 | Lair:6   | Killed a fire dragon
 16473 | D:10     | Entered Level 10 of the Dungeon
 16908 | D:10     | Reached skill level 17 in Bows
 16932 | D:10     | Reached XP level 14. HP: 141/141 MP: 21/21
 17089 | D:10     | Lost mutation: You evolve. [end of evolution]
 17532 | D:11     | Found a burning altar of Makhleb.
 17967 | D:11     | Found a shadowy altar of Dithmenos.
 18164 | D:12     | Reached skill level 18 in Bows
 18827 | D:12     | Found Bipet's Jewellery Boutique.
 18972 | D:12     | Found a basalt altar of Yredelemnul.
 19554 | D:12     | Bought the ring of Vynkemyi {rCorr rElec MR+ Str-4} for 530 gold pieces
 20209 | D:13     | Reached skill level 15 in Fighting
 20877 | D:14     | Found a shadowy altar of Dithmenos.
 21142 | D:14     | Found a gate to the Vaults.
 21613 | D:14     | Reached XP level 15. HP: 155/155 MP: 23/23
 22147 | D:15     | Entered Level 15 of the Dungeon
 22310 | Orc:1    | Entered Level 1 of the Orcish Mines
 22378 | Orc:1    | Found a roughly hewn altar of Beogh.
 22775 | Orc:2    | Entered Level 2 of the Orcish Mines
 22826 | Orc:2    | Noticed Azrael
 23179 | Orc:2    | Found Anuocuca's Assorted Antiques.
 23188 | Orc:2    | Bought a scroll of enchant armour for 180 gold pieces
 23188 | Orc:2    | Bought a scroll of enchant weapon for 180 gold pieces
 23188 | Orc:2    | Bought a scroll of blinking for 180 gold pieces
 23224 | Orc:2    | Found a roughly hewn altar of Beogh.
 23254 | Orc:2    | Found Julisuta's Assorted Antiques.
 23269 | Orc:2    | Bought a scroll labeled LUZUYLURYD for 28 gold pieces
 23498 | Orc:2    | Killed Azrael
 23557 | Orc:2    | Found a roughly hewn altar of Beogh.
 23640 | Orc:2    | Found a staircase to the Elven Halls.
 23704 | Orc:2    | Found a roughly hewn altar of Beogh.
 23781 | Orc:2    | Noticed an orc warlord
 23824 | Orc:2    | Killed an orc warlord
 24001 | Orc:2    | Found Xegh's Antique Armour Shoppe.
 24003 | Orc:2    | Found a roughly hewn altar of Beogh.
 24012 | Orc:2    | Found Cegumoyg's Antique Weapon Emporium.
 24044 | Orc:2    | Bought a scorched scale mail for 270 gold pieces
 24044 | Orc:2    | Bought a jewelled ring mail for 270 gold pieces
 24054 | Orc:2    | Identified the +4 scale mail "Ireerr" {Regen+} (You bought it in a shop on level 2 of the Orcish Mines)
 24065 | Orc:2    | Identified the +4 ring mail "Jihyzi" {+Blink rC+} (You bought it in a shop on level 2 of the Orcish Mines)
 24097 | Orc:2    | Found a roughly hewn altar of Beogh.
 24114 | Orc:2    | Found Ryciatua's Weapon Emporium.
 24220 | Orc:2    | Found a roughly hewn altar of Beogh.
 24642 | Lair:1   | Reached skill level 19 in Bows
 24642 | Lair:1   | Reached XP level 16. HP: 166/166 MP: 24/24
 24729 | Elf:1    | Entered Level 1 of the Elven Halls
 24732 | Elf:1    | Found Cabem's Gadget Boutique.
 25164 | Elf:1    | Learned a level 2 spell: Blink
 25417 | Elf:1    | Reached skill level 20 in Bows
 25803 | Elf:1    | Got an uncursed blackened rapier {holy}
 25804 | Elf:1    | Identified the +3 rapier of Havoc {holy, rElec rF+ Str+2 Int+4} (You took it off a deep elf archer on level 1 of the Elven Halls)
 25809 | Elf:1    | Got a scorched scimitar {slice}
 25810 | Elf:1    | Identified the cursed +1 scimitar "Qaxkodd" {slice, *Drain +Blink rN+ MR+} (You took it off a deep elf archer on level 1 of the Elven Halls)
 25935 | Elf:2    | Found a runed gate.
 25935 | Elf:2    | Found a runed gate.
 25936 | Elf:2    | Found a runed gate.
 25976 | Elf:2    | Reached skill level 21 in Bows
 26216 | Elf:2    | Found Kuedi's Jewellery Emporium.
 26368 | Elf:2    | Noticed Jorgrun
 26384 | Elf:2    | Killed Jorgrun
 26585 | Elf:2    | Reached XP level 17. HP: 173/173 MP: 25/25
 26664 | Elf:2    | Identified Anufaaponu's Compendium of Ignition
 26902 | Elf:2    | Reached skill level 22 in Bows
 27397 | Elf:2    | Reached skill level 23 in Bows
 27646 | Elf:2    | Noticed Kloppie's ghost (adept MiFi)
 27782 | Elf:2    | Killed Kloppie's ghost
 28333 | Elf:3    | Entered Level 3 of the Elven Halls
 28580 | Spider:1 | Entered Level 1 of the Spider Nest
 29759 | Spider:2 | Identified a scroll of acquirement
 29992 | Spider:2 | Noticed Agnes
 30012 | Spider:2 | Killed Agnes
 30818 | Spider:3 | Reached XP level 18. HP: 182/182 MP: 26/26
 31666 | Spider:4 | Entered Level 4 of the Spider Nest
 31696 | Spider:4 | Noticed Roxanne
 31705 | Spider:4 | Killed Roxanne
 31896 | Spider:4 | Reached skill level 1 in Stealth
 31990 | Spider:4 | Noticed Nikola
 32001 | Spider:4 | Killed Nikola
 32420 | Spider:4 | Reached skill level 1 in Spellcasting
 32841 | Spider:4 | Noticed Asterion
 33021 | Spider:4 | Reached skill level 1 in Translocations
 33050 | Spider:4 | Killed Asterion
 33398 | Spider:4 | Reached skill level 5 in Translocations
 33531 | Spider:4 | Got a gossamer rune of Zot
 33737 | Lair:1   | Upgraded the game from 0.20.0-4-g10b340a to 0.20.0-7-g3b7b877
 33812 | Swamp:1  | Entered Level 1 of the Swamp
 34562 | Swamp:2  | Noticed Frances
 34569 | Swamp:2  | Killed Frances
 34704 | Swamp:2  | Noticed Louise
 34716 | Swamp:2  | Killed Louise
 34768 | Swamp:2  | Reached XP level 19. HP: 191/191 MP: 27/27
 35727 | Swamp:3  | Noticed Kirke
 35731 | Swamp:3  | Killed Kirke
 36112 | Swamp:4  | Entered Level 4 of the Swamp
 36821 | Swamp:4  | Noticed a bone dragon
 37013 | Swamp:4  | Killed a bone dragon
 37283 | Swamp:4  | Got a decaying rune of Zot
 37643 | Vaults:1 | Entered Level 1 of the Vaults
 37902 | Vaults:1 | Identified the +1 flail "Janum" {holy, Int+4 Stlth+} (You found it on level 1 of the Vaults)
 38781 | Vaults:1 | Reached skill level 24 in Bows
 38809 | Vaults:1 | Learned a level 1 spell: Summon Butterflies
 38811 | Vaults:1 | Learned a level 1 spell: Apportation
 38896 | Vaults:1 | Reached skill level 1 in Summonings
 38896 | Vaults:1 | Reached XP level 20. HP: 205/209 MP: 28/28
 39773 | Vaults:2 | Found a staircase to the Crypt.
 39838 | Crypt:1  | Entered Level 1 of the Crypt
 39885 | Vaults:2 | Reached skill level 5 in Summonings
 40808 | Vaults:3 | Reached skill level 25 in Bows
 41177 | Vaults:3 | Got an encrusted centaur barding
 41183 | Vaults:3 | Identified the +5 centaur barding of Rebok {rF+ Regen+ Dex+6} (You acquired it on level 3 of the Vaults)
 41883 | Vaults:4 | Reached skill level 26 in Bows
 42242 | Vaults:4 | Reached XP level 21. HP: 210/217 MP: 29/29
 42821 | Vaults:4 | Reached skill level 27 in Bows
 42970 | Vaults:5 | Entered Level 5 of the Vaults
 43057 | Vaults:5 | Reached skill level 10 in Dodging
 43303 | Vaults:5 | Noticed a caustic shrike
 43303 | Vaults:5 | a shadow dragon changed into a caustic shrike
 43306 | Vaults:5 | a caustic shrike changed into a shadow dragon
 43405 | Vaults:5 | Identified the +11 mace of Imbalance {freeze, *Drain +Inv Int+3} (You took it off a vault guard on level 5 of the Vaults)
 43572 | Vaults:5 | Identified the cursed +1 bardiche of Abomination {freeze, +Blink rF+ Dex+2} (You took it off a vault guard on level 5 of the Vaults)
 43960 | Vaults:5 | Reached XP level 22. HP: 195/225 MP: 30/30
 44179 | Vaults:5 | Learned a level 3 spell: Regeneration
 44179 | Vaults:5 | Identified Onanoot's Reference Book on Translocation and Curses
 44269 | Vaults:5 | Noticed a golden dragon
 44277 | Vaults:5 | Killed a golden dragon
 44387 | Vaults:5 | Noticed a golden dragon
 44391 | Vaults:5 | Killed a golden dragon
 44391 | Vaults:5 | Reached skill level 10 in Armour
 44992 | Vaults:5 | Got an encrusted longbow
 44993 | Vaults:5 | Identified the +5 longbow of Reapportionment {venom, -Tele rElec Dex+5} (You acquired it on level 5 of the Vaults)
 45001 | Vaults:5 | Learned a level 3 spell: Teleport Other
 45006 | Vaults:5 | Got a silver rune of Zot
 46037 | D:15     | Found a white marble altar of Elyvilon.
 46163 | D:15     | Found a staircase to the Depths.
 46490 | Depths:1 | Entered Level 1 of the Depths
 46529 | Depths:1 | Found a gateway to Hell.
 46806 | Depths:1 | Found a gateway to a ziggurat.
 47182 | Depths:1 | Found Nautoi's Quality Used Wands.
 47441 | Depths:1 | Found a portal to a secret trove of treasure.
 47519 | Hell     | Entered the Vestibule of Hell
 47519 | Hell     | Noticed Geryon
 47951 | Hell     | Killed Geryon
 48033 | Depths:1 | Reached XP level 23. HP: 208/234 MP: 33/33
 48046 | Depths:1 | You paid a toll of the horn of Geryon to enter a treasure trove
 48047 | Trove    | Entered a treasure trove
 48061 | Trove    | Got a twitching lapis lazuli ring
 48063 | Trove    | Got a steaming golden ring
 48092 | Trove    | Identified the ring "Ryanam" {Int+3 Dex+5 Slay+3 SInv} (You found it in a treasure trove)
 48093 | Trove    | Identified the ring "Duyze" {rF+++ rC+ Dex-3 SInv} (You found it in a treasure trove)
 48097 | Trove    | Got a bound granite ring
 48099 | Trove    | Got a clouded ruby amulet
 48104 | Trove    | Identified the ring of Aprif {rN+ MR+ Int+6} (You found it in a treasure trove)
 48105 | Trove    | Identified the amulet "Taelaan" {Faith *Corrode rElec rC+ Int+4} (You found it in a treasure trove)
 48567 | Depths:2 | Reached skill level 15 in Invocations
 48592 | Depths:2 | Noticed a juggernaut
 48600 | Depths:2 | Killed a juggernaut
 48600 | Depths:2 | Reached skill level 1 in Charms
 48600 | Depths:2 | Reached skill level 1 in Necromancy
 49541 | Depths:3 | Found a one-way gate to the infinite horrors of the Abyss.
 49650 | Depths:3 | Reached skill level 5 in Charms
 49676 | Depths:3 | Noticed a juggernaut
 49676 | Depths:3 | Reached skill level 5 in Necromancy
 49692 | Depths:3 | Killed a juggernaut
 49853 | Depths:3 | Identified the Reference Book on Venomous Stolen Souls
 50042 | Depths:3 | Noticed Xtahua
 50048 | Depths:3 | Killed Xtahua
 50419 | Depths:3 | Found a one-way gate leading to the halls of Pandemonium.
 51020 | Depths:4 | Found a runed door.
 51220 | Depths:4 | Noticed a juggernaut
 51220 | Depths:4 | Noticed a juggernaut
 51267 | Depths:4 | Killed a juggernaut
 51295 | Depths:4 | Killed a juggernaut
 51295 | Depths:4 | Reached XP level 24. HP: 38/243 MP: 34/34
 51341 | Depths:4 | Noticed a juggernaut
 51670 | Depths:4 | Identified the +6 shortbow of Dishonesty {velocity, rPois rN++ Int+3 Stlth-} (You found it on level 4 of the Depths)
 51830 | Depths:4 | Found a runed warning-scrawled door.
 51941 | Depths:4 | Reached skill level 10 in Translocations
 52182 | Depths:4 | Found a runed door.
 52349 | Depths:5 | Entered Level 5 of the Depths
 52760 | Depths:5 | Reached skill level 5 in Spellcasting
 52776 | Depths:5 | Found a gate to the Realm of Zot.
 52933 | Depths:5 | Found a white marble altar of Elyvilon.
 53059 | Depths:5 | Reached skill level 10 in Evocations
 53981 | Zot:1    | Entered Level 1 of the Realm of Zot
 54390 | Zot:4    | Noticed Tiamat
 54408 | Zot:5    | Entered Level 5 of the Realm of Zot
 54412 | Zot:5    | Noticed an ancient lich
 54413 | Zot:5    | Noticed an orb of fire
 54418 | Zot:5    | Noticed an orb of fire
 54423 | Zot:5    | Noticed an orb of fire
 54434 | Zot:5    | Noticed an orb of fire
 54709 | Zot:5    | Reached XP level 25. HP: 230/254 MP: 34/34
 55008 | Zot:5    | Killed an orb of fire
 55061 | Zot:5    | Gained mutation: Your body sometimes deteriorates upon taking damage. [an orb of fire]
 55064 | Zot:5    | Killed an orb of fire
 55119 | Zot:5    | Killed an orb of fire
 55486 | Zot:5    | Got the Orb of Zot
 55574 | Zot:4    | Noticed an orb of fire
 55592 | Zot:5    | Noticed an ancient lich
 55598 | Zot:4    | Gained mutation: You occasionally shout uncontrollably at your foes. [an orb of fire]
 55604 | Zot:4    | Gained mutation: Your magical capacity is low. (-10% MP) [an orb of fire]
 55604 | Zot:4    | HP: 5/264 [black draconian monk[Tiamat] (22)]
 55604 | Zot:4    | Mangled by a quicksilver dragon

Skill      XL: |  1  2  3  4  5  6  7  8  9 10 11 12 13 14 15 16 17 18 19 20 21 22 23 24 25 |
---------------+----------------------------------------------------------------------------+-----
Bows           | 6 7 8 9 10 12 13 15 16 17 18 19 21 23 24 26 27 | 27.0
Invocations    | 2 5 10 11 14 15 | 15.0
Evocations     | 2 3 5 6 7 9 10 | 10.0
Armour         | 2 7 8 9 11 12 | 12.0
Dodging        | 3 4 6 9 12 13 | 13.0
Fighting       | 3 8 12 13 15 16 19 22 | 22.6
Stealth        | 3 4 |  4.0
Spellcasting   | 4 5 |  5.0
Translocations | 5 6 8 10 | 10.0
Summonings     | 1 5 7 |  7.0
Charms         | 9 |  9.0
Necromancy     | 7 |  7.0

Action                   |  1- 3 |  4- 6 |  7- 9 | 10-12 | 13-15 | 16-18 | 19-21 | 22-24 | 25-27 || total
-------------------------+-------+-------+-------+-------+-------+-------+-------+-------+-------++-------
Melee: Unarmed           |       |    13 |       |       |       |       |       |       |       ||    13
       Kick              |       |     4 |       |       |       |     8 |       |       |       ||    12
       Shortbow          |       |       |       |       |     1 |       |       |       |       ||     1
       Long sword        |       |       |       |       |       |     3 |       |       |       ||     3
       Rapier            |       |       |       |       |       |    14 |       |       |       ||    14
 Fire: Shortbow          |    94 |   191 |   509 |  1070 |  1631 |   894 |       |       |       ||  4389
       Longbow           |       |       |       |       |       |   629 |  1451 |  1437 |   241 ||  3758
 Cast: Apportation       |       |       |       |       |       |       |     1 |     1 |       ||     2
       Regeneration      |       |       |       |       |       |       |       |       |     2 ||     2
Invok: Shadow Form       |       |       |       |       |       |       |       |     1 |       ||     1
 Abil: Blink             |       |       |     2 |     2 |     1 |     1 |       |     3 |     2 ||    11
       Evoke Blink       |       |       |       |       |       |     9 |       |       |       ||     9
       Evoke Invisibilit |       |       |       |       |       |       |       |     1 |     1 ||     2
       End Transformatio |       |       |       |       |       |       |       |     1 |       ||     1
Evoke: Wand              |       |       |     3 |     5 |       |    25 |     9 |     1 |       ||    43
       Sack of spiders   |       |       |       |       |       |       |     1 |       |       ||     1
  Use: Scroll            |       |     7 |    12 |     8 |     1 |    20 |    11 |    51 |     2 ||   112
       Potion            |       |     7 |     5 |     4 |     2 |    13 |    12 |     9 |       ||    52
  Eat: Chunk             |       |     2 |     8 |     5 |    11 |     5 |    12 |     7 |       ||    50
       Fruit             |       |       |     4 |       |     6 |    10 |       |       |       ||    20
       Bread ration      |       |       |       |     1 |     1 |       |     1 |     1 |       ||     4
       Royal jelly       |       |       |       |     1 |     1 |     3 |     1 |     2 |       ||     8
       Meat ration       |       |       |       |     1 |       |     1 |     1 |     3 |       ||     6
Armor: Leather armour    |     9 |     3 |    43 |    88 |    69 |       |       |       |       ||   212
       Scale mail        |     2 |    24 |       |       |       |       |       |       |       ||    26
       Ring mail         |       |       |       |       |     4 |   209 |   187 |    13 |       ||   413
       Ice dragon scales |       |       |       |       |       |       |       |   239 |    64 ||   303
Dodge: Dodged            |     7 |    35 |    67 |   191 |    98 |   344 |   250 |   376 |    67 ||  1435
